 Dungeon Crawl Stone Soup version 0.30-b1-2-g02819fbbbe (webtiles) character file.

Game seed: 12362737923096371480

146 LLlMATKO the Trooper (level 5, 0/47 HPs)
             Began as a Minotaur Berserker on June 25, 2023.
             Was a Believer of Trog.
             Slain by a gnoll
             ... wielding a +0 spear
             ... led by a gnoll bouda
              (2 damage)
             ... on level 4 of the Dungeon.
             The game lasted 00:00:51 (699 turns).

LLlMATKO the Trooper (Minotaur Berserker)            Turns: 699, Time: 00:00:51

Health: 0/47       AC:  2    Str: 23    XL:     5   Next: 7%
Magic:  4/4        EV: 12    Int:  4    God:    Trog [**....]
Gold:   89         SH:  0    Dex: 10    Spells: 4/4 levels left

rFire   . . .        a - +0 hand axe
rCold   . . .        (no shield)
rNeg    . . .        b - +0 animal skin
rPois   .            (helmet restricted)
rElec   .            (no cloak)
rCorr   .            (no gloves)
SInv    .            (no boots)
Will    .....        (no amulet)
Stlth   +            (no ring)
HPRegen 0.27/turn    (no ring)
MPRegen 0.09/turn

%: no passive effects
@: no status effects
A: horns 2, retaliatory headbutt
a: Renounce Religion, Berserk, Trog's Hand


You were on level 4 of the Dungeon.
You worshipped Trog.
Trog was pleased with you.
You visited 1 branch of the dungeon, and saw 4 of its levels.

You collected 89 gold pieces.

Inventory:

Hand Weapons
 a - a +0 hand axe (weapon)
Armour
 b - a +0 animal skin (worn)
Potions
 c - a potion of curing {unknown}
 d - 3 potions of flight {unknown}


   Skills:
 + Level 4.7 Fighting
 + Level 4.7 Axes
 + Level 3.8 Armour
 + Level 3.4 Dodging


You had 4 spell levels left.
You didn't know any spells.
Your spell library was empty.

Dungeon Overview and Level Annotations

Branches:
Dungeon (4/15)             Temple (0/1) D:4

Altars:


Innate Abilities, Weirdness & Mutations

You have a pair of horns on your head.
You reflexively headbutt those who attack you in melee.


Message History

A bullfrog comes into view.
The gnoll bouda barks out a call to the hunt!
The gnoll picks up the pace!
You hear a shout!
A gnoll comes into view. It is wielding a +0 club. x2
A gnoll comes into view. It is wielding a +0 spear.
The gnoll shouts! x2
The gnoll hits you with a +0 flail.
The gnoll bouda gazes fiercely through you!
You feel your attacks grow feeble.
You barely miss the gnoll. The gnoll barely misses you.
You barely miss the bullfrog. You barely miss the gnoll.
The bullfrog misses you. You furiously retaliate!
You headbutt the bullfrog. The gnoll hits you with a +0 flail!
You hit the bullfrog.
You headbutt the bullfrog, but do no damage.
The bullfrog is lightly wounded.
You hit the gnoll.
Your attacks no longer feel as feeble.
The bullfrog hits you. The bullfrog misses you.
You barely miss the gnoll.
The gnoll is moderately wounded.
You barely miss the gnoll bouda. You hit the bullfrog.
An adder comes into view.
The gnoll hits you from afar with a +0 spear.
The bullfrog misses you. The gnoll hits you with a +0 flail.
The gnoll bouda hits you with a +0 club.
The gnoll hits you from afar with a +0 spear.
The bullfrog hits you.
* * * LOW HITPOINT WARNING * * *
The gnoll hits you with a +0 flail!
* * * LOW HITPOINT WARNING * * *
The gnoll hits you with a +0 club.
* * * LOW HITPOINT WARNING * * *
The bullfrog hits you.
* * * LOW HITPOINT WARNING * * *
The gnoll bouda calls upon its god to heal the gnoll.
The gnoll's wounds heal themselves!
The gnoll hits you from afar with a +0 spear.
You die...

.......
#..###..#.........###
......†##..#
##.#.#.#.......#
<.........##
..#.###......##
..........#####...#
#.###....
............###....
#.. #.##
...........##...##
...# ##
...#............#...
..
...........?........
............@Fg.....
..........ggg..#.##
.........#...g....#
........##.....###
....##. #.....# ..#
#. #.....S. .....#...
....##...


You could see a bullfrog, a gnoll bouda, 4 gnolls and an adder.

Vanquished Creatures
  A bullfrog (D:4)
  A hound (D:4)
  2 adders (D:3)
  2 worms
  A dart slug (D:2)
  4 orcs (D:3)
  An endoplasm (D:2)
  A goblin (D:1)
  3 hobgoblins
  2 jackals (D:1)
  4 ball pythons
  2 bats
  A frilled lizard (D:3)
  A kobold (D:2)
  3 rats
29 creatures vanquished.

Notes
Turn   | Place    | Note
-------+----------+-------------------------------------------
     0 | D:1      | LLlMATKO the Minotaur Berserker began the quest for the
                  | Orb.
     0 | D:1      | Reached XP level 1. HP: 19/19 MP: 0/0
   205 | D:2      | Reached XP level 2. HP: 27/27 MP: 1/1
   343 | D:3      | Reached XP level 3. HP: 33/33 MP: 2/2
   491 | D:4      | Found a staircase to the Ecumenical Temple.
   496 | D:4      | Noticed a bullfrog
   506 | D:4      | Killed a bullfrog
   507 | D:4      | Reached XP level 4. HP: 25/41 MP: 3/3
   531 | D:4      | Reached ** piety under Trog
   667 | D:4      | Reached XP level 5. HP: 41/47 MP: 4/4
   699 | D:4      | HP: 2/47 [bullfrog (1)]
   699 | D:4      | Slain by a gnoll

Illustrated notes

Levels and vault maps discovered:
D:1:      pf_arrival_petrified_forest, layout_basic
D:2:      layout_basic, uniq_jessica, uniq_sigmund, uniq_terence
D:3:      layout_basic, mainiacjoe_overflow_catwalk
D:4:      layout_cave_pools, minmay_temple_entry_trees

Skill      XL: |  1  2  3 |
---------------+----------+-----
Fighting       | 4 |  4.7
Axes           | 4 |  4.7
Armour         | 3 |  3.8
Dodging        | 3 |  3.4

Action                     |  1- 3 |  4- 6 || total
---------------------------+-------+-------++-------
  Melee: Hand axe          |    49 |    16 ||    65
         Headbutt          |     7 |     5 ||    12
 Armour: Animal skin       |    11 |       ||    11
  Dodge: Dodged            |    42 |     8 ||    50
